 Dungeon Crawl Stone Soup version 0.31-a0-986-g5e6e4ef867 (webtiles) character file.

Game seed: 2125587823765966617

2929 IdlyInterested the Grappler (level 9, -7/68 HPs)
             Began as a Gnoll Shapeshifter on Nov 21, 2023.
             Mangled by a gnoll sergeant
             ... wielding a +0 trident
              (10 damage)
             ... on level 7 of the Dungeon.
             The game lasted 00:16:34 (5082 turns).

IdlyInterested the Grappler (Gnoll Shapeshifter)    Turns: 5082, Time: 00:16:35

Health: -7/68      AC: 10    Str: 14    XL:     9   Next: 79%
Magic:  16/16      EV: 14    Int: 12    God:
Gold:   219        SH:  0    Dex: 13    Spells: 14/17 levels left

rFire   . .          .
                       - Unarmed
rCold   . . .        C - melded +0 buckler
rNeg    + . .        y - +4 Cigotuvi's embrace {Corpsefed rMiasma Drain rN+}
rPois   .            (no helmet)
rElec   .            h - scarf {repulsion}
rCorr   .            i - +0 pair of gloves
SInv    .            Q - +0 pair of boots {Stlth+}
Will    +....        (no amulet)
Stlth   ++           D - ring of willpower
HPRegen 0.31/turn    (no ring)
MPRegen 0.15/turn

%: repel missiles
@: flux-form, glowing
A: glow, contaminating, fangs 1, strong nose, distributed training
a: Begin Untransformation


You were on level 7 of the Dungeon.
You were something dangerously unstable.
You visited 2 branches of the dungeon, and saw 8 of its levels.

You collected 380 gold pieces.
You spent 161 gold pieces at shops.

Inventory:

Hand Weapons
 j - a +0 dagger
 n - a +0 hand axe
 q - a +2 heavy hand axe
 u - a +0 long sword
 A - a +1 heavy trident
 H - a +2 whip of flaming
Missiles
 a - 5 boomerangs
 g - 31 stones (quivered)
 p - 19 poisoned darts
Armour
 h - a scarf of repulsion (worn)
 i - a +0 pair of gloves (worn)
 y - the +4 Cigotuvi's embrace (worn) {Corpsefed rMiasma Drain rN+}
   (You found it on level 2 of the Dungeon)

   Corpsefed: It gathers nearby corpses to temporarily increase the armour it
   provides.
   rMiasma:   It protects you from foul pestilence.
   rN+:       It protects you from negative energy.
   Drain:     It drains your maximum health when unequipped.
 C - a +0 buckler (melded)
 Q - a +0 pair of boots of stealth (worn)
Magical Staves
 G - a staff of air
Jewellery
 D - a ring of willpower (left hand)
Talismans
 c - a beast talisman
 d - a flux talisman (active)
 I - a maw talisman
Wands
 f - a wand of roots (13)
 L - a wand of mindburst (5)
Scrolls
 k - 2 scrolls of immolation {unknown}
 l - 3 scrolls of enchant weapon {unknown}
 o - a scroll of fear {unknown}
 s - a scroll of torment {unknown}
 t - a scroll of teleportation {unknown}
 w - a scroll of fog {unknown}
 x - 2 scrolls of noise {unknown}
 B - a scroll of brand weapon {unknown}
 E - a scroll of silence {unknown}
 F - 2 scrolls of poison {unknown}
 J - a scroll of enchant armour {unknown}
 K - a scroll of vulnerability {unknown}
 N - a scroll of amnesia {unknown}
Potions
 b - a potion of lignification
 e - a potion of resistance
 m - 3 potions of attraction
 r - a potion of cancellation
 M - a potion of magic {unknown}
 O - a potion of might {unknown}
 P - a potion of brilliance {unknown}
 R - a potion of mutation {unknown}


   Skills:
 + Level 5.4 Fighting
 + Level 4.6 Short Blades
 + Level 4.6 Long Blades
 + Level 4.6 Axes
 + Level 4.6 Maces & Flails
 + Level 4.6 Polearms
 + Level 4.6 Staves
 + Level 4.6 Ranged Weapons
 + Level 4.6 Throwing
 + Level 4.6 Armour
 + Level 6.6 Dodging
 + Level 4.6 Stealth
 + Level 4.6 Shields
 + Level 8.1 Unarmed Combat
 + Level 4.6 Spellcasting
 + Level 3.8 Conjurations
 + Level 3.8 Hexes
 + Level 3.8 Summonings
 + Level 3.8 Necromancy
 + Level 3.8 Translocations
 + Level 3.8 Transmutations
 + Level 3.8 Fire Magic
 + Level 3.8 Ice Magic
 + Level 3.8 Air Magic
 + Level 3.8 Earth Magic
 + Level 3.8 Poison Magic
 + Level 5.1 Invocations
 + Level 4.6 Evocations
 + Level 7.9 Shapeshifting


You had 14 spell levels left.
You knew the following spells:

 Your Spells              Type           Power      Damage    Failure   Level
a - Tukima's Dance        Hex            12%        N/A       16%         3

Your spell library contained the following spells:

 Spells                   Type           Power      Damage    Failure   Level
 Apportation              Tloc           24%        N/A       5%          1
 Jinxbite                 Hex            24%        N/A       8%          2
 Ozocubu's Armour         Ice            12%        N/A       16%         3
 Anguish                  Hex/Necr       6%         N/A       45%         4
 Brom's Barrelling Bould  Conj/Erth      12%        2d4       45%         4
 Cause Fear               Hex            6%         N/A       45%         4
 Passage of Golubria      Tloc           12%        N/A       45%         4
 Alistair's Intoxication  Tmut/Pois      8%         N/A       82%         5
 Fireball                 Conj/Fire      6%         3d5       82%         5
 Iskenderun's Battlesphe  Conj           12%        2d7       82%         5
 Metabolic Englaciation   Hex/Ice        6%         N/A       82%         5
 Yara's Violent Unravell  Hex/Tmut       6%         3d5       82%         5
 Conjure Ball Lightning   Conj/Air       6%         3x3d6     100%        6
 Simulacrum               Ice/Necr       6%         N/A       100%        6
 Enfeeble                 Hex            6%         N/A       100%        7
 Orb of Destruction       Conj           6%         9d6       100%        7


Dungeon Overview and Level Annotations

Branches:
Dungeon (7/15)             Temple (1/1) D:6

Altars:
Ashenzari
Cheibriados
Dithmenos
Elyvilon
Fedhas
Gozag
Hepliaklqana
Kikubaaqudgha
Nemelex Xobeh
Okawaru
Qazlal
Ru
Sif Muna
Trog
Vehumet
Wu Jian
Xom
Yredelemnul
Zin
The Shining One

Shops:
D:3 [


Innate Abilities, Weirdness & Mutations

You are something dangerously unstable.
You glow with magical radiation, making you easy to see and hit.
Foes you strike become dangerously contaminated with magical radiation.
You are incapable of wielding weapons or throwing items.
You have very sharp teeth.
Your uncanny sense of smell can sniff out nearby items.
Your experience applies equally to all skills.


Message History

The orc is heavily wounded.
You feel less invigorated.
You feel less confused. The orc hits you but does no damage.
The gnoll hits you but does no damage.
The gnoll sergeant hits you but does no damage.
You hit the orc.
The orc glows dangerously bright.
The orc is severely wounded.
The orc closely misses you.
The gnoll hits you from afar with a +0 spear.
* * * LOW HITPOINT WARNING * * *
The gnoll sergeant barely misses you.
Your magical contamination has completely faded away.
You feel better. The orc hits you but does no damage.
The orc closely misses you.
The gnoll hits you from afar with a +0 spear.
The gnoll sergeant hits you from afar with a +0 trident.
* * * LOW HITPOINT WARNING * * *
You punch the orc!
You kill the orc!
The gnoll hits you from afar with a +0 spear.
* * * LOW HITPOINT WARNING * * *
The gnoll sergeant completely misses you.
The orc completely misses you.
You closely miss the orc. The gnoll barely misses you.
The orc closely misses you. The gnoll sergeant misses you.
The orc hits you but does no damage. The gnoll barely misses you.
The gnoll sergeant hits you from afar with a +0 trident!
* * * LOW HITPOINT WARNING * * *
You hit the orc.
The orc begins to glow.
The orc is heavily wounded.
The gnoll barely misses you. The orc barely misses you.
The gnoll sergeant closely misses you.
You hit the orc.
You kill the orc!
The gnoll barely misses you.
The gnoll sergeant hits you from afar with a +0 trident.
* * * LOW HITPOINT WARNING * * *
The gnoll closely misses you.
The gnoll sergeant hits you with a +0 trident!
You die...

.#.#.##.....##........
.#...##..............
.....#..........##.#
##...##..##.#......#
##......##........#
#.###..##.###.##.# ...
...#### #.# # #.####.#
##.##.# ###
.###.#..pg.#...
......>.)g....#
.....#..))......
.###.##......### .
#....#.# # #......#
.....### ...#.# .....#


You could see a gnoll sergeant and a gnoll.

Vanquished Creatures
  Pikel (D:4)
  6 yaks (D:5)
  Menkaure (D:4)
  An orc warrior (D:5)
  4 black bears
  2 ice beasts
  An ogre (D:5)
  A phantom (D:6)
  A bullfrog (D:6)
  4 scorpions
  An orc priest (D:5)
  A sleepcap (D:4)
  An iguana (D:5)
  2 orc wizards (D:5)
  2 gnolls (D:7)
  6 adders
  A shadow imp (D:6)
  7 worms
  4 dart slugs
  11 orcs
  6 endoplasms
  A giant cockroach (D:4)
  15 goblins
  8 hobgoblins
  10 jackals
  4 quokkas
  6 ball pythons
  6 bats
  6 frilled lizards
  8 kobolds
  5 rats
133 creatures vanquished.

Vanquished Creatures (collateral kills)
  A gnoll (D:7)
  An orc (D:7)
2 creatures vanquished.

Grand Total: 135 creatures vanquished

Notes
Turn   | Place    | Note
-------+----------+-------------------------------------------
     0 | D:1      | IdlyInterested the Gnoll Shapeshifter began the quest for
                  | the Orb.
     0 | D:1      | Reached XP level 1. HP: 17/17 MP: 1/1
   191 | D:1      | Found a faded altar of an unknown god.
   262 | D:1      | Reached XP level 2. HP: 23/23 MP: 2/2
   483 | D:1      | Reached XP level 3. HP: 28/28 MP: 3/3
  1030 | D:2      | Reached skill level 1 in Invocations
  1043 | D:2      | Reached skill level 1 in Short Blades
  1043 | D:2      | Reached skill level 1 in Long Blades
  1043 | D:2      | Reached skill level 1 in Axes
  1043 | D:2      | Reached skill level 1 in Maces & Flails
  1043 | D:2      | Reached skill level 1 in Polearms
  1043 | D:2      | Reached skill level 1 in Staves
  1043 | D:2      | Reached skill level 1 in Ranged Weapons
  1043 | D:2      | Reached skill level 1 in Throwing
  1043 | D:2      | Reached skill level 1 in Armour
  1043 | D:2      | Reached skill level 1 in Stealth
  1043 | D:2      | Reached skill level 1 in Shields
  1043 | D:2      | Reached skill level 1 in Spellcasting
  1043 | D:2      | Reached skill level 1 in Evocations
  1237 | D:2      | Found the +4 Cigotuvi's embrace {Corpsefed rMiasma Drain
                  | rN+}
  1385 | D:2      | Reached XP level 4. HP: 30/34 MP: 5/5
  1740 | D:2      | Reached skill level 1 in Conjurations
  1740 | D:2      | Reached skill level 1 in Hexes
  1740 | D:2      | Reached skill level 1 in Summonings
  1740 | D:2      | Reached skill level 1 in Necromancy
  1740 | D:2      | Reached skill level 1 in Translocations
  1740 | D:2      | Reached skill level 1 in Transmutations
  1740 | D:2      | Reached skill level 1 in Fire Magic
  1740 | D:2      | Reached skill level 1 in Ice Magic
  1740 | D:2      | Reached skill level 1 in Air Magic
  1740 | D:2      | Reached skill level 1 in Earth Magic
  1740 | D:2      | Reached skill level 1 in Poison Magic
  2000 | D:3      | Found Focs's Armour Shop.
  2010 | D:3      | Reached XP level 5. HP: 40/40 MP: 5/7
  2463 | D:4      | Noticed a black bear
  2477 | D:4      | Killed a black bear
  2478 | D:4      | Reached XP level 6. HP: 31/47 MP: 8/8
  2642 | D:4      | Noticed Pikel
  2651 | D:4      | Killed Pikel
  2652 | D:4      | Reached skill level 5 in Dodging
  2652 | D:4      | Reached skill level 7 in Unarmed Combat
  2652 | D:4      | Reached XP level 7. HP: 9/53 MP: 8/11
  2882 | D:4      | Noticed Menkaure
  2891 | D:4      | Killed Menkaure
  2892 | D:4      | Reached XP level 8. HP: 45/60 MP: 12/12
  3214 | D:3      | Bought a +0 pair of boots of stealth for 161 gold pieces
  3337 | D:5      | Entered Level 5 of the Dungeon
  3598 | D:5      | Found a bloodstained altar of Trog.
  3606 | D:5      | Found a hazy altar of Hepliaklqana.
  3607 | D:5      | Found a sacrificial altar of Ru.
  3607 | D:5      | Found a blossoming altar of Fedhas.
  3607 | D:5      | Found an ornate altar of the Wu Jian Council.
  3608 | D:5      | Found a shimmering altar of Xom.
  3609 | D:5      | Found a radiant altar of Vehumet.
  3610 | D:5      | Found a snail-covered altar of Cheibriados.
  3611 | D:5      | Found a shimmering blue altar of Sif Muna.
  3612 | D:5      | Found a basalt altar of Yredelemnul.
  3848 | D:5      | Noticed a yak
  3849 | D:5      | Noticed a yak
  3850 | D:5      | Noticed a yak
  3850 | D:5      | Noticed a yak
  3851 | D:5      | Noticed a yak
  3851 | D:5      | Noticed a yak
  3858 | D:5      | Killed a yak
  3867 | D:5      | Killed a yak
  3877 | D:5      | Killed a yak
  3883 | D:5      | Killed a yak
  3884 | D:5      | Reached XP level 9. HP: 23/66 MP: 14/14
  4113 | D:5      | Reached skill level 5 in Fighting
  4245 | D:5      | Found a glowing silver altar of Zin.
  4489 | D:6      | Reached skill level 8 in Unarmed Combat
  4587 | D:6      | Found a staircase to the Ecumenical Temple.
  4606 | D:6      | Reached skill level 5 in Invocations
  4609 | Temple   | Found a transporter.
  4609 | Temple   | Found a transporter.
  4609 | Temple   | Found a transporter.
  4609 | Temple   | Found a transporter.
  4609 | Temple   | Entered the Ecumenical Temple
  4699 | D:6      | Learned a level 3 spell: Tukima's Dance
  5002 | D:7      | Identified the +4 quarterstaff of the Singing Gods {drain,
                  | Str+6}
  5081 | D:7      | HP: 3/68 [gnoll sergeant/+0 trident (6)]
  5082 | D:7      | Mangled by a gnoll sergeant

Illustrated notes

Levels and vault maps discovered:
D:1:      dpeg_arrival_connections, layout_basic,
          shapermc_ecumenical_altar_hornbeckon, solitary_fountain, minivault_4,
          dreamdust_mushroom_princess, chequers_garden
D:2:      minmay_spotlight, layout_basic
D:3:      layout_basic, serial_shops, shop, minmay_cupped
D:4:      layout_loops_ring, kennysheep_generic_room_4, uniq_pikel,
          uniq_menkaure
D:5:      layout_basic, zin_scriptorium, minitemple, minmay_ogre_servants
D:6:      layout_rooms, minmay_temple_entry_mist
D:7:      layout_basic, mainiacjoe_overflow_alcove_4
Temple:   hellmonk_temple_divided_pantheon

Skill      XL: |  1  2  3  4  5  6  7  8  9 |
---------------+----------------------------+-----
Invocations    | 1 2 3 4 5 |  5.1
Short Blades   | 1 2 3 4 |  4.6
Long Blades    | 1 2 3 4 |  4.6
Axes           | 1 2 3 4 |  4.6
Maces & Flails | 1 2 3 4 |  4.6
Polearms       | 1 2 3 4 |  4.6
Staves         | 1 2 3 4 |  4.6
Ranged Weapons | 1 2 3 4 |  4.6
Throwing       | 1 2 3 4 |  4.6
Armour         | 1 2 3 4 |  4.6
Stealth        | 1 2 3 4 |  4.6
Shields        | 1 2 3 4 |  4.6
Spellcasting   | 1 2 3 4 |  4.6
Evocations     | 1 2 3 4 |  4.6
Conjurations   | 1 2 3 |  3.8
Hexes          | 1 2 3 |  3.8
Summonings     | 1 2 3 |  3.8
Necromancy     | 1 2 3 |  3.8
Translocations | 1 2 3 |  3.8
Transmutations | 1 2 3 |  3.8
Fire Magic     | 1 2 3 |  3.8
Ice Magic      | 1 2 3 |  3.8
Air Magic      | 1 2 3 |  3.8
Earth Magic    | 1 2 3 |  3.8
Poison Magic   | 1 2 3 |  3.8
Fighting       | 3 4 5 |  5.4
Dodging        | 5 6 |  6.6
Unarmed Combat | 7 8 |  8.1
Shapeshifting  | 7 |  7.9

Action                     |  1- 3 |  4- 6 |  7- 9 || total
---------------------------+-------+-------+-------++-------
  Melee: Unarmed           |    74 |   108 |   208 ||   390
         Punch             |     4 |       |       ||     4
         Bite              |     4 |    13 |    28 ||    45
  Throw: Stone             |       |     4 |       ||     4
   Cast: Tukima's Dance    |       |       |     4 ||     4
  Evoke: Wand              |       |     2 |       ||     2
    Use: Scroll            |       |     5 |       ||     5
         Potion            |       |     2 |     3 ||     5
   Stab: Sleeping          |       |     1 |       ||     1
 Armour: Chain mail        |    67 |       |       ||    67
         Leather armour    |     2 |    65 |   139 ||   206
  Dodge: Dodged            |    31 |    62 |   140 ||   233
  Block: Buckler           |       |    14 |       ||    14
   Form: Beast             |     3 |       |       ||     3
                           |     2 |       |       ||     2
         Flux              |       |       |     1 ||     1

Table legend: (Time is in decaauts)
 A = Elapsed time spent in this place.
 B = Non-inter-level travel time spent in this place.
 C = Inter-level travel time spent in this place.
 D = Time resting spent in this place.
 E = Time spent auto-exploring this place.
 F = Levels seen in this place.
 G = Mean time per level.
                   A        B        C        D        E       F      G
               +--------+--------+--------+--------+--------+-----+--------+
         Total |   5045 |   4779 |    266 |    238 |   3126 |   8 |  630.6 |
       Dungeon |   5019 |   4753 |    266 |    238 |   3126 |   7 |  717.0 |
        Temple |     25 |     25 |      0 |      0 |      0 |   1 |   25.0 |
               +--------+--------+--------+--------+--------+-----+--------+

Top non-repeatable levels by time:
     D:5: 1135 daAuts
     D:4: 1001 daAuts
     D:2: 906 daAuts
     D:1: 843 daAuts
     D:3: 571 daAuts
     D:6: 477 daAuts
     D:7: 84 daAuts
  Temple: 25 daAuts
